 Dungeon Crawl Stone Soup version 0.14.2 (webtiles) character file.

84 FuckCats the Insei (level 2, 0/24 HPs)
             Began as a Mummy Monk on Jan 31, 2016.
             Slain by a jackal (3 damage)
             ... on Level 1 of the Dungeon.
             The game lasted 00:00:38 (852 turns).

FuckCats the Insei (Mummy Monk)                      Turns: 852, Time: 00:00:38

HP   0/24        AC  0     Str 14      XL: 2   Next: 24%
MP   2/2         EV 13     Int  9      God:
Gold 71          SH  0     Dex 14      Spells:  0 memorised,  1 level left

rFire  x . .     SeeInvis .       - Unarmed
rCold  + . .     Clarity  .     (no armour)
rNeg   + + +     Conserve .     (no shield)
rPois  +         rCorr    .     (no helmet)
rElec  .         rRot     +     (no cloak)
SustAb . .       Spirit   .     (no gloves)
rMut   .         Warding  .     (no boots)
Saprov . . .     Stasis   .     (no amulet)
MR     .....                    (no ring)
                                (no ring)

@: not resistant to hostile enchantments, fairly stealthy
A: no food or potions, fire vulnerability, restore body, cold resistance 1, life
protection 3, poison resistance, torment resistance, unbreathing
a: no special abilities


You were on level 1 of the Dungeon.
You were not hungry.

You visited 1 branch of the dungeon, and saw 1 of its levels.

You collected 71 gold pieces.


Innate Abilities, Weirdness & Mutations

You do not eat or drink.
Your flesh is vulnerable to fire.
Your flesh is cold resistant.
You are immune to negative energy.
Your system is resistant to poisons.
You are immune to unholy pain and torment.
You can survive without breathing.


   Skills:
 - Level 3.0 Fighting
 - Level 2.4 Dodging
 - Level 1.5 Stealth
 + Level 3.8 Unarmed Combat


You had one spell level left.
You didn't know any spells.

Inventory:

Missiles
 a - 7 curare-tipped needles (quivered)
 b - 16 poisoned needles
Scrolls
 c - a scroll of amnesia {unknown}
 d - a scroll of enchant armour {unknown}
 e - a scroll of teleportation {unknown}
 f - 3 scrolls of enchant weapon II {unknown}
 g - a scroll of identify {unknown}

Dungeon Overview and Level Annotations

Branches:
Dungeon (1/15)

Altars:

▒···········▒·▒·▒▒▒▒▒▒▒
▒·▒▒▒▒·▒▒▒▒▒▒·▒·▒ ▒ ▒·▒ ▒·····
▒·▒·▒▒▒▒▒ ▒ ▒·▒ ▒······▒·%·····▒
▒ ▒·▒▒▒▒▒·····▒··%····▒ ▒
▒···················▒ ▒ ·
▒··▒▒▒▒▒▒▒▒·▒·······▒ ▒ ····▒
▒··▒▒▒▒▒▒▒▒·▒·▒·▒▒▒▒▒ ▒ ·····▒
▒·····Mhh▒····▒··· ··▒ ·····▒
▒·▒▒▒▒▒▒h▒▒▒▒·▒▒▒▒▒▒▒·▒ ·····▒
▒····hh··▒ ▒·······▒·▒ ·····▒
▒▒▒▒▒▒▒▒▒▒▒▒▒·····▒·▒·· ·····▒
·····················
·····▒▒▒▒▒▒▒▒▒▒▒▒▒▒▒▒··········▒·
···········▒▒ ▒▒▒▒▒▒▒··········▒·
▒▒···▒▒▒▒▒··▒ ▒················▒·
▒▒····▒▒ ▒▒·▒ ▒·▒▒▒··········· ▒·


You could see 3 jackals.


Message History

* * * LOW HITPOINT WARNING * * *
The jackal closely misses you. The jackal bites you.
* * * LOW HITPOINT WARNING * * *
You are too injured to fight recklessly!
You are too injured to fight recklessly!
You are too injured to fight recklessly!
You are too injured to fight recklessly!
You are too injured to fight recklessly!
You are too injured to fight recklessly!
You are too injured to fight recklessly!
You are too injured to fight recklessly!
You are too injured to fight recklessly!
You are too injured to fight recklessly!
You are too injured to fight recklessly!
You are too injured to fight recklessly!
You are too injured to fight recklessly!
You are too injured to fight recklessly!
You are too injured to fight recklessly!
You are too injured to fight recklessly!
You swing at nothing.
The jackal misses you.
You closely miss the jackal. The jackal barely misses you.
You closely miss the jackal. The jackal bites you.
* * * LOW HITPOINT WARNING * * *
You hit the jackal but do no damage. The jackal bites you.
* * * LOW HITPOINT WARNING * * *
The jackal barely misses you.
You closely miss the jackal. The jackal barely misses you.
You barely miss the jackal. The jackal closely misses you.
You hit the jackal but do no damage. The jackal bites you.
You die...

Action                   || total
-------------------------++-------
Melee: Unarmed           ||    58

Vault maps used:
D:1:      enne_arrival_octagon_isle

Notes
Turn   | Place    | Note
--------------------------------------------------------------
     0 | D:1      | FuckCats, the Mummy Monk, began the quest for the Orb.
     0 | D:1      | Reached XP level 1. HP: 18/18 MP: 1/1
   365 | D:1      | Reached XP level 2. HP: 14/24 MP: 2/2
   852 | D:1      | Slain by a jackal

Vanquished Creatures
  4 bats (D:1)
  2 giant cockroaches (D:1)
  2 goblins (D:1)
  A hobgoblin (D:1)
  3 rats (D:1)
12 creatures vanquished.
